[Event "fics rated crazyhouse match"]
[Site "fics, Oklahoma City, OK USA"]
[Date "2000.09.25"]
[White "Igy"]
[WhiteElo "2376"]
[Black "BEO"]
[BlackElo "2216"]
[TimeControl "180+0"]
[Result "1-0"]

1. e4 e6 2. Nc3 d6 3. d4 Nf6 4. Bg5 Be7 5. Nf3 Nc6 6. Bd3 
O-O 7. O-O Bd7 8. Re1 e5 9. dxe5 Nxe5 10. P@h6 gxh6 11. Bxh6 P@g7 
12. Bxg7 Kxg7 13. Nxe5 dxe5 14. P@g5 Ng4 15. N@h5+ Kg8 16. Qxg4 Bxg4 17. N@h6+ 
Kh8 18. P@g7# 
{BEO checkmated} 1-0

[Event "fics rated crazyhouse match"]
[Site "fics, Oklahoma City, OK USA"]
[Date "2000.09.25"]
[White "BEO"]
[WhiteElo "2211"]
[Black "Igy"]
[BlackElo "2381"]
[TimeControl "180+0"]
[Result "0-1"]

1. e4 e6 2. d4 Nc6 3. Nf3 Nf6 4. Nc3 Bb4 5. Bd3 d5 6. e5 
Ne4 7. Bd2 Bxc3 8. bxc3 Nxd2 9. Qxd2 N@e4 10. Bxe4 dxe4 11. Ng5 Nxe5 
12. B@a4+ B@d7 13. dxe5 B@h6 14. Bxd7+ Qxd7 15. B@e3 P@b2 16. Rb1 Bxg5 17. Bxg5 
Qxd2+ 18. Bxd2 B@f3 19. gxf3 exf3 20. N@f4 N@g2+ 21. Kf1 Nxf4 22. Bxf4 P@g2# 
{BEO resigns} 0-1

[Event "fics rated crazyhouse match"]
[Site "fics, Oklahoma City, OK USA"]
[Date "2000.09.25"]
[White "Igy"]
[WhiteElo "2371"]
[Black "Hydropawnic"]
[BlackElo "2202"]
[TimeControl "60+0"]
[Result "1-0"]

1. e4 d5 2. exd5 e6 3. Nc3 exd5 4. Bb5+ Nc6 5. d4 Bb4 6. Nf3 
Qe7+ 7. Ne5 P@f6 8. Bf4 fxe5 9. dxe5 Bxc3+ 10. bxc3 N@e4 11. B@d4 N@h4 
12. Bxc6+ bxc6 13. Rg1 Ba6 14. P@d3 Ng5 15. P@g3 Nxg2+ 16. Rxg2 Ne6 17. N@f5 
Qd7 18. N@c5 Nxc5 19. Nxg7+ Kd8 20. Bxc5 B@b2 21. P@f6 Bxc3+ 22. Kf1 P@h3 
23. Rg1 P@g2+ 24. Ke2 Bxa1 25. Qxa1 Qg4+ 26. B@f3 Qd7 27. N@f5 d4 28. Bxd4 
Qxd4 29. Qxd4+ B@d5 30. P@e7+ Nxe7 31. Bxd5 Kc8 32. fxe7 N@c1+ 33. Kd2 P@f3 
34. Kc3 R@e2 35. Bxc6 Rxc2+ 36. Kxc2 P@b3+ 37. Kd2 Rb8 38. Qd7# 
{Hydropawnic checkmated} 1-0

[Event "fics rated crazyhouse match"]
[Site "fics, Oklahoma City, OK USA"]
[Date "2000.09.25"]
[White "Hydropawnic"]
[WhiteElo "2198"]
[Black "Igy"]
[BlackElo "2375"]
[TimeControl "60+0"]
[Result "0-1"]

1. e4 Nf6 2. Nc3 Nc6 3. d4 e6 4. Nf3 Bb4 5. Bg5 Nxe4 6. Bxd8 
Nxc3 7. bxc3 Bxc3+ 8. N@d2 Kxd8 9. Bb5 B@f6 10. Bxc6 dxc6 11. Rb1 P@g4 
12. Ne5 Bxe5 13. dxe5 N@e4 14. N@b3 B@c4 15. B@d3 Bxd2+ 16. Nxd2 Bxd3 17. cxd3 
Nc3 18. B@h4+ B@e7 19. Bxe7+ Kxe7 20. B@f6+ gxf6 21. exf6+ Kxf6 22. Qxg4 N@c2+ 
23. Kf1 N@e3+ 24. fxe3 Nxe3+ 25. Ke1 P@f2+ 26. Kxf2 Nxg4# 
{Hydropawnic resigns} 0-1

[Event "fics rated crazyhouse match"]
[Site "fics, Oklahoma City, OK USA"]
[Date "2000.09.25"]
[White "Igy"]
[WhiteElo "2379"]
[Black "Hydropawnic"]
[BlackElo "2194"]
[TimeControl "60+0"]
[Result "0-1"]

1. e4 d5 2. exd5 e6 3. dxe6 Bxe6 4. d4 Nc6 5. Nf3 P@e4 6. Ng5 
Nxd4 7. P@c3 P@f6 8. Nxf7 Bxf7 9. cxd4 Ne7 10. Nc3 Nc6 11. Nxe4 Nxd4 
12. Bd3 P@h3 13. gxh3 Be6 14. P@g2 Bb4+ 15. P@c3 Bxc3+ 16. bxc3 Bxh3 17. gxh3 
N@f3+ 18. Kf1 P@g2+ 19. Kxg2 Nh4+ 20. Kg3 Ndf5+ 21. Kf4 P@e5+ 22. Kg4 h5# 
{Igy checkmated} 0-1

[Event "fics rated crazyhouse match"]
[Site "fics, Oklahoma City, OK USA"]
[Date "2000.09.25"]
[White "Hydropawnic"]
[WhiteElo "2206"]
[Black "Igy"]
[BlackElo "2367"]
[TimeControl "60+0"]
[Result "0-1"]

1. e4 e6 2. d4 Nc6 3. Nf3 Nf6 4. Bg5 Be7 5. Bxf6 Bxf6 6. Nc3 
d5 7. exd5 exd5 8. Bb5 P@e4 9. Bxc6+ bxc6 10. Ne5 Bxe5 11. dxe5 N@f4 
12. B@f1 B@h5 13. P@f3 exf3 14. gxf3 P@g2 15. Bxg2 Nxg2+ 16. Kd2 B@h6+ 17. P@e3 
d4 18. Kc1 dxc3 19. Qxd8+ Kxd8 20. bxc3 B@b2+ 21. Kxb2 N@c4+ 22. Kb3 Q@b2+ 
23. Kxc4 Ba6+ 24. Kd4 c5+ 25. Ke4 Qxc2+ 26. Kd5 Bxf3+ 27. Kxc5 Qxc3+ 28. P@c4 
P@b6# 
{Hydropawnic checkmated} 0-1

[Event "fics rated crazyhouse match"]
[Site "fics, Oklahoma City, OK USA"]
[Date "2000.09.25"]
[White "Igy"]
[WhiteElo "2372"]
[Black "Hydropawnic"]
[BlackElo "2201"]
[TimeControl "60+0"]
[Result "1-0"]

1. e4 d5 2. exd5 e6 3. Bb5+ c6 4. dxc6 bxc6 5. Be2 Nf6 6. d4 
P@c5 7. Bf4 Na6 8. Bxa6 Bxa6 9. N@c7+ Qxc7 10. Bxc7 cxd4 11. Qxd4 P@d5 
12. P@g5 Nd7 13. P@f6 B@c5 14. Qh4 N@e4 15. fxg7 Bxg7 16. P@f6 Bxf2+ 17. Qxf2 
Nxf2 18. Q@e7# 
{Hydropawnic checkmated} 1-0

[Event "fics rated crazyhouse match"]
[Site "fics, Oklahoma City, OK USA"]
[Date "2000.09.25"]
[White "Hydropawnic"]
[WhiteElo "2197"]
[Black "Igy"]
[BlackElo "2376"]
[TimeControl "60+0"]
[Result "0-1"]

1. e4 e6 2. d4 Nc6 3. Nf3 Nf6 4. Bg5 Be7 5. Bxf6 Bxf6 6. Nc3 
d5 7. exd5 exd5 8. Bb5 O-O 9. Bxc6 bxc6 10. P@e5 Bg5 11. N@h5 B@g4 
12. Nxg7 Kxg7 13. P@f6+ Kg8 14. N@e7+ Qxe7 15. fxe7 Bxe7 16. h3 Bh5 17. Nxd5 
cxd5 18. P@f6 Bb4+ 19. c3 B@h6 20. cxb4 N@f4 21. Rg1 N@d3+ 22. Kf1 P@e2+ 
23. Qxe2 Nxe2 24. P@g7 Ng3+ 25. fxg3 Q@f2# 
{Hydropawnic checkmated} 0-1

[Event "fics rated crazyhouse match"]
[Site "fics, Oklahoma City, OK USA"]
[Date "2000.09.25"]
[White "Igy"]
[WhiteElo "2380"]
[Black "Hydropawnic"]
[BlackElo "2193"]
[TimeControl "60+0"]
[Result "0-1"]

1. e4 d5 2. exd5 e6 3. Bb5+ c6 4. dxc6 Nxc6 5. d4 Nf6 6. Nf3 
Be7 7. O-O O-O 8. Bxc6 bxc6 9. Ne5 Ba6 10. P@e2 B@b5 11. Nc3 Bd6 
12. a4 Bxe5 13. dxe5 Qxd1 14. Rxd1 Bxe2 15. exf6 N@h3+ 16. gxh3 Q@g6+ 17. P@g5 
Rfe8 18. fxg7 Qxg7 19. P@f6 Bxd1 20. fxg7 R@f1+ 21. Kg2 P@f3+ 22. Kg3 Rg1+ 
23. Kf4 e5+ 24. Ke4 P@d5+ 25. Kf5 P@g6+ 26. Kf6 Re6# 
{Igy checkmated} 0-1

[Event "fics rated crazyhouse match"]
[Site "fics, Oklahoma City, OK USA"]
[Date "2000.09.25"]
[White "Hydropawnic"]
[WhiteElo "2205"]
[Black "Igy"]
[BlackElo "2368"]
[TimeControl "60+0"]
[Result "0-1"]

1. d4 e6 2. Nc3 Nc6 3. Nf3 Bb4 4. Bf4 Nf6 5. e3 d5 6. Bd3 
Ne4 7. Bxe4 dxe4 8. Ne5 Nxe5 9. Bxe5 N@h4 10. Rg1 Bxc3+ 11. bxc3 N@f3+ 
12. gxf3 Nxf3+ 13. Kf1 Nxh2+ 14. Ke1 Nf3+ 15. Ke2 Nxg1+ 16. Qxg1 B@f3+ 17. Ke1 
R@e2+ 18. Kd1 P@d2 19. B@f1 Re1+ 20. Kxd2 Rxa1 21. Be2 Rxg1 22. Bxg7 Q@c1# 
{Hydropawnic checkmated} 0-1

[Event "fics rated crazyhouse match"]
[Site "fics, Oklahoma City, OK USA"]
[Date "2000.09.25"]
[White "Igy"]
[WhiteElo "2373"]
[Black "Hydropawnic"]
[BlackElo "2200"]
[TimeControl "60+0"]
[Result "0-1"]

1. e4 d5 2. exd5 e6 3. Nc3 exd5 4. Bb5+ Nc6 5. d4 Bb4 6. Nf3 
Bg4 7. h3 Bxf3 8. Qxf3 Nf6 9. O-O P@e4 10. Qg3 Bxc3 11. bxc3 Rg8 
12. P@e5 a6 13. Bxc6+ bxc6 14. N@f4 N@h5 15. Qh4 Nxf4 16. Bxf4 N@e2+ 17. Kh1 
Nxf4 18. exf6 Nxg2 19. Qxh7 N@h6 20. fxg7 B@f3 21. B@f5 Nh4+ 22. Kh2 N4xf5 
23. N@f4 B@d6 24. P@e5 P@h4 25. Qxg8+ Nxg8 26. R@f8+ Kd7 27. Rxd8+ Rxd8 28. N@c5+ 
Bxc5 29. Q@b7 B@g3# 
{Igy forfeits on time} 0-1

[Event "fics rated crazyhouse match"]
[Site "fics, Oklahoma City, OK USA"]
[Date "2000.09.26"]
[White "LSS"]
[WhiteElo "2389"]
[Black "Sunsetter"]
[BlackElo "2301"]
[TimeControl "180+0"]
[Result "1-0"]

1. e4 e5 2. Nf3 Nc6 3. Bc4 Bc5 4. O-O Nf6 5. d3 h6 6. Nc3 
O-O 7. Be3 Bxe3 8. fxe3 d6 9. B@b3 Bg4 10. h3 Bd7 11. Qe1 B@g6 
12. Nd5 Nh7 13. c3 Bh5 14. Qg3 Bxf3 15. Rxf3 N@e2+ 16. Kh2 Nxg3 17. Rxg3 
Q@f2 18. N@h5 Ng5 19. B@f6 gxf6 20. Ndxf6+ Qdxf6 21. Nxf6+ Qxf6 22. Q@f1 B@f2 
23. Rxg5+ hxg5 24. N@h5 Qg6 25. Qxf2 Qxh5 26. Bxf7+ Rxf7 27. Bxf7+ Qxf7 28. Qxf7+ 
Kxf7 29. P@g6+ Kxg6 30. P@f5+ Bxf5 31. exf5+ Kxf5 32. Q@f7+ R@f6 33. B@g4# 
{Sunsetter checkmated} 1-0

[Event "fics rated crazyhouse match"]
[Site "fics, Oklahoma City, OK USA"]
[Date "2000.09.26"]
[White "LSS"]
[WhiteElo "2401"]
[Black "Sunsetter"]
[BlackElo "2289"]
[TimeControl "180+0"]
[Result "0-1"]

1. e4 e5 2. Nf3 Nc6 3. Bc4 Be7 4. Nc3 Nf6 5. d3 d6 6. O-O 
Bg4 7. h3 Bh5 8. Be3 Na5 9. Bb5+ c6 10. Ba4 Bf8 11. b4 Bxf3 
12. Qxf3 N@d4 13. Bxd4 exd4 14. Nd5 Nxd5 15. exd5 N@e5 16. Qe4 B@d7 17. bxa5 
cxd5 18. Bxd7+ Qxd7 19. Qxd4 P@f3 20. B@g4 Nxg4 21. hxg4 B@e5 22. Rfe1 B@h2+ 
23. Kh1 fxg2+ 24. Kxg2 P@h3+ 25. Kxh3 h5 26. Kg2 hxg4 27. B@a4 P@c6 28. P@g3 
Bxg3 29. fxg3 P@e4 30. Qf2 Bxa1 31. B@f5 R@h2+ 32. Kg1 Rh1# 
{LSS resigns} 0-1

[Event "fics rated crazyhouse match"]
[Site "fics, Oklahoma City, OK USA"]
[Date "2000.09.26"]
[White "LSS"]
[WhiteElo "2391"]
[Black "Sunsetter"]
[BlackElo "2299"]
[TimeControl "180+0"]
[Result "1-0"]

1. e4 e5 2. Bc4 Bc5 3. Nf3 Nc6 4. O-O Nf6 5. d3 d6 6. Nc3 
Be6 7. Bxe6 fxe6 8. Ng5 B@g8 9. B@b3 d5 10. exd5 exd5 11. P@e6 P@h6 
12. Nxd5 Nxd5 13. P@f7+ Kf8 14. fxg8=Q+ Kxg8 15. Nf7 P@e2 16. Qxe2 N@f4 17. Bxf4 
Nxf4 18. Qf3 Qf6 19. Nxh8 Kxh8 20. N@f7+ Qxf7 21. exf7 N@f6 22. R@g8+ Rxg8 
23. fxg8=Q+ Nxg8 24. Qxf4 N@e2+ 25. Kh1 B@d5 26. Bxd5 R@d7 27. P@f7 Ng3+ 28. Qxg3 
Rxf7 29. Bxf7 P@g5 30. Bxg8 Kxg8 31. Q@e8+ B@f8 32. B@f7+ Kh8 33. R@g8# 
{Sunsetter checkmated} 1-0

[Event "fics rated crazyhouse match"]
[Site "fics, Oklahoma City, OK USA"]
[Date "2000.09.26"]
[White "LSS"]
[WhiteElo "2397"]
[Black "Sunsetter"]
[BlackElo "2293"]
[TimeControl "180+0"]
[Result "1-0"]

1. e4 e6 2. d4 d6 3. Nf3 Nf6 4. Bd3 Nc6 5. c3 Be7 6. O-O 
O-O 7. Be3 Ng4 8. Qe2 Bf6 9. Nbd2 e5 10. d5 Ne7 11. h3 Nxe3 
12. fxe3 Ng6 13. N@f5 Bxf5 14. exf5 Ne7 15. B@g5 Bxg5 16. Nxg5 Nxd5 17. Nxf7 
Rxf7 18. B@e6 N@g3 19. Qf2 N@h1 20. Bxd5 Nxf2 21. Bxf7+ Kxf7 22. Bc4+ d5 
23. Kxf2 dxc4 24. N@e4 Nxe4+ 25. Nxe4 Q@h4+ 26. N@g3 P@f4 27. N@g5+ Kg8 28. P@f7+ 
Kh8 29. R@g8+ Qxg8 30. fxg8=Q+ Kxg8 31. Q@e6+ Kh8 32. Nf7+ Kg8 33. Nh6+ Kh8 
34. Qg8+ Rxg8 35. Nf7# 
{Sunsetter checkmated} 1-0

[Event "fics rated crazyhouse match"]
[Site "fics, Oklahoma City, OK USA"]
[Date "2000.09.26"]
[White "Sunsetter"]
[WhiteElo "2300"]
[Black "LSS"]
[BlackElo "2403"]
[TimeControl "180+0"]
[Result "0-1"]

1. e4 e6 2. d3 d5 3. exd5 exd5 4. Qe2+ Be7 5. Nf3 Bg4 6. Bg5 
Nc6 7. Nbd2 h6 8. Bf4 Nf6 9. Bg3 O-O 10. h3 Bxf3 11. Nxf3 P@e4 
12. dxe4 dxe4 13. P@h7+ Kxh7 14. B@f5+ P@g6 15. Bxe4 Nxe4 16. Qxe4 Re8 17. N@d2 
Bf6 18. P@e5 B@f5 19. Qe2 N@d4 20. Nxd4 Nxd4 21. P@e7 Rxe7 22. N@e4 Nxc2+ 
23. Kd1 Nxa1 24. Nxf6+ gxf6 25. B@e4 P@c2+ 26. Kc1 Bxe4 27. Qxe4 R@d1# 
{Sunsetter checkmated} 0-1

[Event "fics rated crazyhouse match"]
[Site "fics, Oklahoma City, OK USA"]
[Date "2000.09.26"]
[White "LSS"]
[WhiteElo "2409"]
[Black "Sunsetter"]
[BlackElo "2294"]
[TimeControl "180+0"]
[Result "1-0"]

1. e4 e5 2. Nf3 Nc6 3. Bc4 Be7 4. O-O Nf6 5. Nc3 d6 6. d3 
Bg4 7. Bxf7+ Kxf7 8. Ng5+ Ke8 9. Qxg4 Nxg4 10. P@f7+ Kf8 11. Ne6+ Kxf7 
12. Nxd8+ Nxd8 13. B@h5+ Kg8 14. Q@e8+ B@f8 15. Bxg4 N@f6 16. Be6+ Nxe6 17. Qxa8 
P@b4 18. N@f5 Bd8 19. Nd5 Nxd5 20. exd5 N@e2+ 21. Kh1 Q@f6 22. dxe6 Qxf5 
23. Qxd8 Qxe6 24. B@d5 P@f7 25. Bxe6 N@e7 26. Qxf8+ Kxf8 27. Q@d8+ Q@e8 28. N@d7+ 
Kg8 29. Qxe8+ B@f8 30. Qxf8# 
{Sunsetter checkmated} 1-0

[Event "fics rated crazyhouse match"]
[Site "fics, Oklahoma City, OK USA"]
[Date "2000.09.26"]
[White "Sunsetter"]
[WhiteElo "2289"]
[Black "LSS"]
[BlackElo "2414"]
[TimeControl "180+0"]
[Result "0-1"]

1. d4 e6 2. Nf3 d5 3. Nc3 Nf6 4. Bg5 Be7 5. Bxf6 Bxf6 6. N@h5 
Rg8 7. Nxf6+ gxf6 8. e3 Nc6 9. B@b5 Bd7 10. e4 B@b4 11. Bxc6 Bxc6 
12. exd5 Bxd5 13. N@h6 Rg6 14. Nxf7 Kxf7 15. P@h5 Rg8 16. P@d2 Bxc3 17. dxc3 
N@e4 18. B@e3 N@f5 19. Bf4 B@d6 20. Bxd6 cxd6 21. B@g3 P@e3 22. fxe3 Nfxg3 
23. hxg3 B@f2+ 24. Ke2 Nxg3+ 25. Kxf2 Nxh1+ 26. Kg1 Bxf3 27. Qxf3 B@f2+ 28. Qxf2 
Nxf2 29. N@h6+ Ke7 30. Nxg8+ Qxg8 31. R@c7+ P@d7 32. Rxd7+ Kxd7 33. Bb5+ N@c6 
34. Bxc6+ bxc6 35. Kxf2 N@e4+ 36. Kf3 R@f2+ 37. Kxe4 Q@f5# 
{Sunsetter checkmated} 0-1

[Event "fics rated crazyhouse match"]
[Site "fics, Oklahoma City, OK USA"]
[Date "2000.09.26"]
[White "Sunsetter"]
[WhiteElo "2279"]
[Black "LSS"]
[BlackElo "2424"]
[TimeControl "180+0"]
[Result "0-1"]

1. d4 e6 2. Nf3 d5 3. Bg5 Be7 4. Bxe7 Nxe7 5. B@h4 f6 6. Nbd2 
O-O 7. e4 Nbc6 8. exd5 exd5 9. P@b5 Nb4 10. a3 Nxc2+ 11. Qxc2 B@g6 
12. Bd3 Bxd3 13. Qxd3 B@g6 14. Qf1 P@g4 15. N@b4 P@a5 16. Ne5 fxe5 17. Bxe7 
Qxe7 18. Nxd5 N@c2+ 19. Kd1 Qf7 20. N@e7+ Kh8 21. Nxg6+ Qxg6 22. B@e4 B@f5 
23. P@e7 Bce6 24. exf8=N Rxf8 25. Bxf5 Bxf5 26. dxe5 Nxa1 27. Nxc7 P@c2+ 28. Ke2 
Bd3+ 29. Ke3 Bxf1 30. R@g8+ Rxg8 31. P@e2 Bxg2 32. B@d3 N@d1+ 33. Kd4 Qb6+ 
34. P@c5 Qxc7 35. Nf3 c1=Q 36. B@e7 N@e6+ 37. Kd5 Bxf3+ 38. exf3 N@f4+ 39. Ke4 
B@d5+ 40. Kf5 Q@g6# 
{Sunsetter checkmated} 0-1

[Event "fics rated crazyhouse match"]
[Site "fics, Oklahoma City, OK USA"]
[Date "2000.09.26"]
[White "LSS"]
[WhiteElo "2429"]
[Black "Sunsetter"]
[BlackElo "2274"]
[TimeControl "180+0"]
[Result "0-1"]

1. e4 Nf6 2. Nc3 d5 3. e5 d4 4. exf6 dxc3 5. fxg7 cxd2+ 6. Qxd2 
Bxg7 7. Qxd8+ Kxd8 8. Nf3 Q@b4+ 9. Q@d2+ Qxd2+ 10. Nxd2 P@c3 11. bxc3 Bxc3 
12. P@b2 Q@e5+ 13. P@e3 Bxb2 14. N@d3 N@b4 15. Nxe5 Nxc2+ 16. Kd1 Bxe5 17. Q@d3+ 
N@d6 18. Qxc2 Bxa1 19. N@d5 Bg4+ 20. P@f3 R@c6 21. Bc4 Be6 22. e4 Bxd5 
23. exd5 N@c3+ 24. Ke1 Nxd5 25. B@b2 Nb4 26. Qb3 Rxc4 27. Nxc4 Bxb2 28. Nxb2 
B@a5 29. B@c3 B@c2 30. Qxb4 Bxb4 31. Bxb4 P@d3 32. R@d2 Q@b1 33. Nxd3 Bxd3 
34. Ba3 N@c2+ 35. Rxc2 Qxc2 36. N@e6+ fxe6 37. N@f7+ Nxf7 38. Bxe7+ Kxe7 39. P@f6+ 
Kd8 40. P@e7+ Kc8 41. Q@d8+ Rxd8 42. exd8=Q+ Nxd8 43. B@d7+ Nxd7 44. R@d2 R@e5+ 
45. Re2 Qxe2# 
{LSS checkmated} 0-1

[Event "fics rated crazyhouse match"]
[Site "fics, Oklahoma City, OK USA"]
[Date "2000.09.26"]
[White "Sunsetter"]
[WhiteElo "2285"]
[Black "LSS"]
[BlackElo "2418"]
[TimeControl "180+0"]
[Result "0-1"]

1. e4 e6 2. Nc3 d5 3. exd5 exd5 4. d4 Bb4 5. Qe2+ P@e6 6. Bd2 
Nf6 7. Nf3 Nc6 8. Rd1 O-O 9. Na4 Bxd2+ 10. Qxd2 Ne4 11. Qe2 Bd7 
12. B@h4 B@e7 13. Bxe7 Qxe7 14. B@b5 a6 15. Bxc6 Bxc6 16. Nc3 B@b4 17. N@b1 
B@a5 18. P@d2 Bxc3 19. Nxc3 Bxc3 20. dxc3 N@f5 21. B@b4 Qxb4 22. cxb4 N@f4 
23. Qxe4 dxe4 24. Ng5 e3 25. N@e4 exf2+ 26. Nxf2 Bxg2 27. B@c1 P@e3 28. Bxe3 
Bxf1 29. Q@d2 Nxe3 30. Qxe3 Ng2+ 31. Kxf1 Nxe3+ 32. Ke2 B@f4 33. N@e7+ Kh8 
34. Nxh7 Kxh7 35. B@e4+ P@f5 36. Bxb7 Nxd1 37. Rxd1 Q@e3+ 38. Kf1 Q@e2+ 39. Kg2 
Q2xf2+ 40. Kh1 R@g1+ 41. Rxg1 Qxg1# 
{Sunsetter checkmated} 0-1

[Event "fics rated crazyhouse match"]
[Site "fics, Oklahoma City, OK USA"]
[Date "2000.09.26"]
[White "LSS"]
[WhiteElo "2423"]
[Black "Sunsetter"]
[BlackElo "2280"]
[TimeControl "180+0"]
[Result "1-0"]

1. e4 e6 2. d4 Nc6 3. c3 d5 4. e5 Nge7 5. Be2 Nf5 6. Nh3 
Be7 7. O-O Bd7 8. a3 Rb8 9. a4 Rc8 10. a5 Nh4 11. Be3 Rf8 
12. Nd2 Nf5 13. Bh5 Nxe3 14. fxe3 B@f5 15. N@g3 Bxh3 16. gxh3 N@f5 17. Qf3 
Nh6 18. Rf2 Bh4 19. Raf1 Nxa5 20. Bxf7+ Nxf7 21. Qxf7+ Rxf7 22. Rxf7 P@f2+ 
23. R1xf2 Q@a1+ 24. B@f1 Qxf1+ 25. Rxf1 B@f2+ 26. R1xf2 Qe7 27. R@f8+ Qxf8 28. Rxf8+ 
Ke7 29. Q@f7# 
{Sunsetter checkmated} 1-0

[Event "fics rated crazyhouse match"]
[Site "fics, Oklahoma City, OK USA"]
[Date "2000.09.26"]
[White "Sunsetter"]
[WhiteElo "2275"]
[Black "LSS"]
[BlackElo "2428"]
[TimeControl "180+0"]
[Result "0-1"]

1. d4 e6 2. Nf3 d5 3. Nc3 Nf6 4. Bg5 Be7 5. Bxf6 Bxf6 6. N@h5 
Rg8 7. Nxf6+ gxf6 8. e3 Nc6 9. B@b5 Bd7 10. Bxc6 Bxc6 11. N@b4 B@d7 
12. Nxc6 Bxc6 13. B@b5 B@d7 14. Bxc6 Bxc6 15. B@b5 N@e7 16. e4 B@b4 17. Nd2 
Bxc3 18. bxc3 Bxb5 19. Bxb5+ B@c6 20. Bxc6+ Nxc6 21. exd5 exd5 22. B@h3 B@d7 
23. Qe2+ P@e4 24. Nxe4 dxe4 25. Qxe4+ N@e7 26. Qxh7 Bxh3 27. gxh3 N@f3+ 28. Ke2 
Ncxd4+ 29. cxd4 Nxd4+ 30. Ke1 B@c3+ 31. N@d2 Nf3+ 32. Ke2 Qxd2+ 33. Kxf3 N@e5+ 
34. Ke4 P@d5# 
{Sunsetter checkmated} 0-1

[Event "fics rated crazyhouse match"]
[Site "fics, Oklahoma City, OK USA"]
[Date "2000.09.26"]
[White "LSS"]
[WhiteElo "2433"]
[Black "Sunsetter"]
[BlackElo "2270"]
[TimeControl "180+0"]
[Result "1-0"]

1. e4 e5 2. Nf3 Nc6 3. Bc4 Nf6 4. O-O Be7 5. d3 d6 6. Nc3 
Bg4 7. h3 Bh5 8. Be3 Na5 9. Bb5+ c6 10. Ba4 Bf8 11. b4 Bxf3 
12. Qxf3 N@d4 13. Bxd4 exd4 14. Nd5 Nxd5 15. exd5 N@e5 16. Rfe1 B@e3 17. Rxe3 
dxe3 18. Qxe3 R@a3 19. dxc6 Nxc6 20. Bxc6+ bxc6 21. B@b2 Rxd3 22. cxd3 B@b6 
23. P@c5 Bxc5 24. bxc5 P@f6 25. B@b7 P@d7 26. Bxa8 dxc5 27. P@b7 P@d4 28. R@c8 
Bd6 29. Rxd8+ Ke7 30. N@f5+ Kxd8 31. Q@c8# 
{Sunsetter checkmated} 1-0

[Event "fics rated crazyhouse match"]
[Site "fics, Oklahoma City, OK USA"]
[Date "2000.09.26"]
[White "Sunsetter"]
[WhiteElo "2265"]
[Black "LSS"]
[BlackElo "2438"]
[TimeControl "180+0"]
[Result "0-1"]

1. d4 e6 2. Nf3 d5 3. Nc3 Nf6 4. Bg5 Be7 5. Bxf6 Bxf6 6. N@h5 
Rg8 7. Nxf6+ gxf6 8. e3 Nc6 9. B@h4 N@f5 10. Bg3 Bd7 11. e4 dxe4 
12. Nxe4 B@g4 13. Bxc7 Qxc7 14. Nxf6+ Kf8 15. Nxh7+ Kg7 16. Nhg5 P@f6 17. h3 
Bxf3 18. Nxf3 B@a5+ 19. P@c3 N@e4 20. B@h2 Qb6 21. P@b4 Bxb4 22. Qd3 Nxf2 
23. Kxf2 P@g3+ 24. Ke1 P@f2+ 25. Kd1 gxh2 26. N@h5+ Kf8 27. Nxf6 Ke7 28. Qxf5 
exf5 29. N@d5+ Kd8 30. Nxb6 axb6 31. Nxd7 N@e3+ 32. Kc1 Q@d1# 
{Sunsetter checkmated} 0-1

[Event "fics rated crazyhouse match"]
[Site "fics, Oklahoma City, OK USA"]
[Date "2000.09.26"]
[White "LSS"]
[WhiteElo "2442"]
[Black "Sunsetter"]
[BlackElo "2261"]
[TimeControl "180+0"]
[Result "1-0"]

1. e4 e6 2. d4 d6 3. Nf3 Nf6 4. Bd3 Be7 5. O-O Nc6 6. c3 
O-O 7. Be3 Ng4 8. Nbd2 f5 9. h3 Nxe3 10. fxe3 fxe4 11. Nxe4 P@f4 
12. exf4 Rxf4 13. P@e3 Rf5 14. Ng3 Rf6 15. N@h5 P@h4 16. Nxf6+ Bxf6 17. Nh5 
B@h6 18. Qe2 Qe7 19. Nxf6+ gxf6 20. Nxh4 f5 21. R@g3+ N@g7 22. P@g6 Qxh4 
23. gxh7+ Kxh7 24. P@g6+ Kh8 25. B@f2 Ne7 26. Rg4 Qf6 27. P@e5 dxe5 28. dxe5 
Qxe5 29. Bh4 Bxe3+ 30. Kh1 fxg4 31. P@h2 P@g5 32. Rf8+ R@g8 33. Rxg8+ Kxg8 
34. Bxg5 N@g3+ 35. hxg3 R@h2+ 36. Kxh2 Bg1+ 37. Rxg1 N@f3+ 38. Qxf3 Nxg6 39. R@d8+ 
Kh7 40. R@h8# 
{Sunsetter checkmated} 1-0

[Event "fics rated crazyhouse match"]
[Site "fics, Oklahoma City, OK USA"]
[Date "2000.09.26"]
[White "Sunsetter"]
[WhiteElo "2257"]
[Black "LSS"]
[BlackElo "2446"]
[TimeControl "180+0"]
[Result "1-0"]

1. d4 e6 2. e4 d5 3. e5 Nc6 4. c3 Nge7 5. Bd3 Ng6 6. Nf3 
Be7 7. Bxg6 hxg6 8. N@g5 Bxg5 9. Bxg5 B@e7 10. Bxe7 Qxe7 11. B@c5 Qd8 
12. B@g5 f6 13. exf6 gxf6 14. P@e7 Nxe7 15. Bxf6 Rf8 16. Bfxe7 Qxe7 17. Bxe7 
Kxe7 18. P@f6+ Rxf6 19. N@g8+ Kf7 20. Nxf6 Kxf6 21. Q@h8+ B@g7 22. R@f8+ P@f7 
23. Qh4+ Kf5 24. Qg5+ Ke4 25. Nbd2+ Kd3 26. Qe3# 
{LSS checkmated} 1-0

[Event "fics rated crazyhouse match"]
[Site "fics, Oklahoma City, OK USA"]
[Date "2000.09.26"]
[White "LSS"]
[WhiteElo "2434"]
[Black "Sunsetter"]
[BlackElo "2269"]
[TimeControl "180+0"]
[Result "0-1"]

1. e4 Nf6 2. Nc3 d5 3. e5 d4 4. exf6 dxc3 5. fxg7 cxd2+ 6. Qxd2 
Qxd2+ 7. Bxd2 Bxg7 8. P@h6 Q@e5+ 9. Q@e3 Qxb2 10. Rd1 Bd4 11. P@g7 Bxe3 
12. gxh8=Q+ Qxh8 13. Bxe3 Q@c3+ 14. R@d2 P@d4 15. B@g7 dxe3 16. Bxc3 exf2+ 17. Rxf2 
Qxc3+ 18. Q@d2 Qxd2+ 19. Rfxd2 Q@e3+ 20. Be2 B@g3+ 21. hxg3 P@f2+ 22. Kf1 N@h2+ 
23. Rxh2 fxg1=Q# 
{LSS checkmated} 0-1

[Event "fics rated crazyhouse match"]
[Site "fics, Oklahoma City, OK USA"]
[Date "2000.09.26"]
[White "Sunsetter"]
[WhiteElo "2281"]
[Black "LSS"]
[BlackElo "2422"]
[TimeControl "180+0"]
[Result "0-1"]

1. e4 e6 2. Nf3 d5 3. exd5 exd5 4. Ne5 P@f6 5. Nd3 Ne7 6. Nc3 
Ng6 7. Qe2+ Be7 8. P@h5 Nh4 9. Nf4 c6 10. d4 Nf5 11. Qd2 Nd7 
12. Ncxd5 cxd5 13. Nxd5 Nb6 14. Nxb6 axb6 15. Bb5+ Bd7 16. Bxd7+ Qxd7 17. B@b5 
B@c6 18. Bxc6 bxc6 19. B@g4 N@h4 20. N@e3 B@e6 21. P@b7 Qxb7 22. Nxf5 Nxf5 
23. Bxf5 Bxf5 24. N@g3 Be6 25. N@f5 Rg8 26. Nxe7 Qxe7 27. B@b4 P@d6 28. P@e5 
N@h4 29. Bxd6 Nxg2+ 30. Kf1 B@h3 31. Bxe7 Nf4+ 32. Ke1 N@f3+ 33. Kd1 Nxd2 
34. Bxd2 Bhg4+ 35. P@e2 Nxe2 36. N@c7+ Kd7 37. Nxe2 Bxe2+ 38. Kxe2 Bg4+ 39. f3 
Bxf3+ 40. Kxf3 N@h4+ 41. Kg4 Q@f3+ 42. Kxh4 N@f5# 
{Sunsetter checkmated} 0-1

[Event "fics rated crazyhouse match"]
[Site "fics, Oklahoma City, OK USA"]
[Date "2000.09.26"]
[White "LSS"]
[WhiteElo "2427"]
[Black "Sunsetter"]
[BlackElo "2276"]
[TimeControl "180+0"]
[Result "0-1"]

1. e4 Nf6 2. Nc3 e6 3. e5 Nd5 4. d4 d6 5. Nxd5 exd5 6. Nf3 
N@e4 7. Be2 dxe5 8. Nxe5 Bb4+ 9. P@d2 Qh4 10. O-O Bd6 11. Nf3 Qe7 
12. d3 Nf6 13. Bg5 Rg8 14. Re1 Be6 15. Bf1 Nc6 16. c3 Rd8 17. Rc1 
Rb8 18. Rc2 Qd7 19. Rce2 P@g4 20. Ne5 Bxe5 21. dxe5 Nh5 22. N@c5 Qc8 
23. Re3 Rh8 24. c4 d4 25. R3e2 Rf8 26. a3 Rh8 27. Rc2 N@g6 28. Rce2 
h6 29. Bc1 Rf8 30. b4 Nh4 31. B@g3 Nxg3 32. fxg3 Nf5 33. b5 Nce7 
34. Nxe6 Qxe6 35. N@f4 Qc8 36. e6 fxe6 37. Rxe6 P@f7 38. B@h5 B@d7 39. Rxe7+ 
Nxe7 40. Rxe7+ Kd8 41. Re2 R@e8 42. N@e5 Rxe5 43. Rxe5 N@f5 44. Bxg4 N@d6 
45. R@e1 Re8 46. Rxe8+ Bxe8 47. Bxf5 Nxf5 48. R@d5+ R@d6 49. Rxf5 Qxf5 50. P@e7+ 
Kc8 51. N@e4 Rb6 52. P@c5 Rg6 53. Nxg6 R@d8 54. exd8=Q+ Kxd8 55. R@f4 Qxg6 
56. N@d6 cxd6 57. cxd6 B@b6 58. P@e7+ Kd7 59. N@f8+ Kc8 60. Nxg6 P@e2 61. R@d8+ 
Bxd8 
{LSS forfeits on time} 0-1